AoeStats
← symon.mcare

Black Forest

510284814Analyzed
3v3 RM · 1d ago on Sep 30, 2026· 65m 7s· 6 players
Game mode
Random Map
Map size
Normal (6 player)
Population
200
Speed
Normal
Resources
Standard
Victory
Conquest
Starting age
Dark Age
Ending age
Imperial Age
RankedLock teamsTeams togetherTeam positionsShared explorationLock speedFull tech treeHidden civsTurbo modeCheats
Victory
Defeat
🇦🇺 Spanish · Australia
765
+10
🇦🇺 Varangians · Australia
621
+16
🇭🇰 Turks · Hong Kong SAR China
608
+16
🇮🇱 Britons · Israel
674
-16
🇩🇪 Bohemians · Germany
601
-13
🇬🇧 Franks · United Kingdom
585
-13
whatabluemonkey
0:36 Loom
13:46 Feudal Age
14:14 Double-Bit Axe
15:51 Gold Mining
16:26 Stone Mining
25:44 Castle Age
24:51 Forging
24:48 Scale Barding Armor
27:04 Bow Saw
27:47 Caravan
28:34 Iron Casting
28:20 Chain Barding Armor
28:07 Husbandry
30:36 Wheelbarrow
34:09 Imperial Age
32:21 Fortified Wall
35:54 Conscription
37:24 Blast Furnace
36:59 Plate Barding Armor
36:52 Hand Cart
36:54 Cavalier
39:08 Chivalry
40:11 Gold Shaft Mining
39:04 Paladin
40:31 Scale Mail Armor
40:10 Pikeman
40:51 Squires
40:36 Arson
40:37 Gambesons
40:12 Man-at-Arms
42:24 Chain Mail Armor
58:47 Plate Mail Armor
58:17 Padded Archer Armor
58:10 Fletching
59:07 Elite Skirmisher
59:11 Long Swordsman
60:17 Two-Handed Swordsman
61:21 Leather Archer Armor
60:55 Champion
Shadoweye - Allkeyshop
1:12 Loom
10:55 Feudal Age
11:38 Double-Bit Axe
20:07 Castle Age
19:32 Horse Collar
20:29 Wheelbarrow
21:11 Bow Saw
21:28 Heavy Plow
23:23 Caravan
26:01 Hand Cart
25:33 Town Watch
27:56 Town Patrol
28:30 Scale Barding Armor
33:23 Imperial Age
31:54 Husbandry
32:55 Chain Barding Armor
33:58 Chemistry
35:18 Two-Man Saw
35:03 Forging
34:54 Scale Mail Armor
35:34 Ballistics
35:44 Cavalier
38:39 Iron Casting
38:06 Squires
37:27 Pikeman
39:16 Chain Mail Armor
41:11 Conscription
41:27 Fortified Wall
42:29 Houfnice
43:27 Masonry
43:13 Murder Holes
42:41 Elite Hussite Wagon
51:28 Halberdier
54:05 Wagenburg Tactics
54:08 Hussite Reforms
57:37 Plate Mail Armor
58:08 Blast Furnace
62:18 Man-at-Arms
62:46 Arson
63:10 Padded Archer Armor
63:00 Fletching
63:25 Long Swordsman
63:34 Heavy Scorpion
Flanker2020
1:12 Loom
15:25 Feudal Age
16:05 Horse Collar
16:12 Double-Bit Axe
17:35 Gold Mining
18:03 Stone Mining
23:47 Castle Age
25:18 Caravan
25:40 Bow Saw
27:24 Gold Shaft Mining
28:22 Heavy Plow
29:28 Wheelbarrow
31:32 Hand Cart
35:02 Imperial Age
32:22 Town Watch
33:04 Fletching
33:14 Padded Archer Armor
34:51 Bodkin Arrow
35:11 Leather Archer Armor
35:12 Forging
35:07 Scale Barding Armor
35:24 Scale Mail Armor
37:06 Town Patrol
37:17 Elite Longbowman
38:19 Conscription
39:17 Coinage
39:55 Two-Man Saw
39:16 Bracer
39:46 Ring Archer Armor
39:17 Crossbowman
40:40 Iron Casting
40:20 Chain Mail Armor
42:06 Yeomen
41:47 Warwolf
43:54 Banking
43:34 Guilds
44:46 Blast Furnace
45:59 Plate Mail Armor
50:52 Arbalester
tingchunng
11:26 Feudal Age
12:11 Horse Collar
12:38 Double-Bit Axe
14:47 Gold Mining
21:42 Castle Age
20:00 Stone Mining
23:04 Heavy Plow
23:43 Gold Shaft Mining
23:20 Bow Saw
25:46 Ballistics
25:34 Padded Archer Armor
27:34 Loom
30:14 Leather Archer Armor
33:45 Wheelbarrow
33:28 Guard Tower
37:50 Imperial Age
36:27 Hand Cart
37:09 Fortified Wall
37:10 Masonry
39:15 Keep
39:15 Ring Archer Armor
40:06 Caravan
41:41 Elite Janissary
42:56 Conscription
42:42 Artillery
ToveLo
11:56 Feudal Age
12:24 Double-Bit Axe
16:14 Horse Collar
19:39 Castle Age
18:47 Gold Mining
19:43 Arson
19:52 Stone Mining
20:37 Bow Saw
20:54 Horse Collar
25:07 Wheelbarrow
24:47 Squires
26:04 Forging
25:56 Scale Mail Armor
29:06 Chain Mail Armor
32:36 Iron Casting
34:50 Imperial Age
32:50 Heavy Plow
34:12 Fletching
34:09 Treadmill Crane
34:52 Ballistics
36:03 Hand Cart
35:13 Gothikon
36:22 Conscription
37:27 Plate Mail Armor
37:58 Blast Furnace
37:08 Siege Engineers
37:47 Stone Shaft Mining
37:06 Gothikon
38:15 Gothikon
39:36 Crop Rotation
40:09 Two-Man Saw
40:03 Caravan
42:04 Elite Varangian Guard
51:06 Guilds
52:39 Gambesons
59:22 Chemistry
58:21 Bodkin Arrow
59:23 Elite Jarl
59:26 Vendel Legacy
symon.mcare
11:36 Loom
13:44 Feudal Age
14:20 Double-Bit Axe
20:13 Castle Age
20:03 Stone Mining
24:03 Padded Archer Armor
25:37 Gold Mining
28:55 Stone Shaft Mining
28:13 Horse Collar
29:12 Husbandry
29:36 Bloodlines
30:09 Heavy Plow
31:58 Leather Archer Armor
32:40 Fortified Wall
33:54 Caravan
34:58 Wheelbarrow
34:44 Bow Saw
40:13 Imperial Age
38:03 Hand Cart
38:13 Light Cavalry
39:38 Sanctity
39:29 Fervor
39:44 Ballistics
39:20 Murder Holes
39:36 Masonry
40:21 Scale Barding Armor
40:28 Forging
40:09 Fletching
42:53 Two-Man Saw
42:17 Chain Barding Armor
42:33 Iron Casting
42:29 Ring Archer Armor
42:23 Conscription
41:24 Elite Conquistador
43:16 Chemistry
42:47 Architecture
42:36 Town Watch
43:58 Hoardings
47:50 Blast Furnace
47:27 Plate Barding Armor
46:48 Bodkin Arrow
46:16 Cavalier
46:18 Hussar
49:17 Paladin
55:26 Theocracy
55:17 Illumination
55:08 Block Printing
56:29 Bracer
62:07 Inquisition
Connection lost

Rejoining the realm…

Still unreachable

The connection could not be restored.

Session expired

The server has moved on; the page needs a fresh start.